 Dungeon Crawl Stone Soup version 0.28.0-53-g5a82cb258f (webtiles) character file.

Game seed: 6822305993100973086

130 Sin92 the Skirmisher (level 4, 0/38 HPs)
             Began as a Demonspawn Fighter on June 13, 2022.
             Was a Follower of Ashenzari.
             Slain by Grinder (3 damage)
             ... on level 3 of the Dungeon.
             The game lasted 00:03:48 (2789 turns).

Sin92 the Skirmisher (Demonspawn Fighter)           Turns: 2789, Time: 00:03:48

Health: 0/38       AC:  8    Str: 16    XL:     4   Next: 89%
Magic:  4/4        EV:  8    Int: 10    God:    Ashenzari [*.....]
Gold:   125        SH:  5    Dex: 14    Spells: 3/3 levels left

rFire   . . .      SeeInvis .   a - +0 war axe
rCold   . . .      Faith    .   c - +0 buckler
rNeg    . . .      Spirit   .   b - +0 scale mail of Supernal Knowledge {Evo, Self} (curse)
rPois   .          Reflect  .   (no helmet)
rElec   .          Harm     .   k - +0 cloak "Enigmatic Repose" {Bglg, Range} (curse)
rCorr   .          Rampage  .   (no gloves)
Will    .....                   (no boots)
Stlth   ..........              (no amulet)
HPRegen 0.12/turn               (no ring)
MPRegen 0.09/turn               (no ring)

@: mighty
A: spiny 1
a: Renounce Religion, Shatter the Chains


You were on level 3 of the Dungeon.
You worshipped Ashenzari.
Ashenzari was aware of your devotion.
You visited 1 branch of the dungeon, and saw 3 of its levels.

You collected 125 gold pieces.

Inventory:

Hand Weapons
 a - a +0 war axe (weapon)
Armour
 b - the cursed +0 scale mail of Supernal Knowledge (worn) {Evo, Self}

   It has a curse which improves the following skills: Evocations: Evocations.
   Introspection: Fighting and Spellcasting.
 c - a +0 buckler (worn)
 k - the cursed +0 cloak "Enigmatic Repose" (worn) {Bglg, Range}
   (You found it on level 3 of the Dungeon)

   It has a curse which improves the following skills: Beguiling: Conjurations,
   Hexes and Translocations.
   Ranged Combat: Slings, Bows, Crossbows and Throwing.
Scrolls
 j - a scroll of teleportation
 l - a scroll of enchant armour
Potions
 d - 2 potions of might
 e - 2 potions of flight
 f - a potion of attraction
 g - 3 potions of curing
 h - a potion of brilliance
 i - a potion of heal wounds


   Skills:
 + Level 3.8(4.6) Fighting
 + Level 2.7 Axes
 + Level 3.5 Armour
 + Level 3.4 Shields


You had 3 spell levels left.
You didn't know any spells.
Your spell library contained the following spells:

 Spells                   Type           Power      Damage    Failure   Level
 Beastly Appendage        Tmut           0%         N/A       87%         1
 Sublimation of Blood     Necr           0%         N/A       95%         2
 Wereblood                Tmut           0%         N/A       95%         2
 Spider Form              Tmut/Pois      0%         N/A       99%         3
 Summon Hydra             Summ           0%         N/A       100%        7
 Chain Lightning          Conj/Air       0%         N/A       100%        9
 Fire Storm               Conj/Fire      0%         5d1       100%        9
 Shatter                  Erth           0%         3d5*      100%        9


Dungeon Overview and Level Annotations

Branches:
Dungeon (3/15)

Altars:
Ashenzari

Shops:
D:1 =   D:3 (=

Annotations:
D:3 Grinder, Jessica


Innate Abilities, Weirdness & Mutations

You are partially covered in sharp spines.


Message History

You are too injured to fight recklessly!
Unknown command.
There are monsters nearby!
You are too injured to fight recklessly!
Unknown command.
There are monsters nearby!
You are too injured to fight recklessly!
Unknown command.
There are monsters nearby!
You are too injured to fight recklessly!
Unknown command.
There are monsters nearby!
You feel very mighty all of a sudden. Grinder gestures at you.
You suddenly lose the ability to move!
Jessica hits you with a +0 dagger. Grinder gestures at you.
Pain shoots through your body! Jessica hits you but does no damage.
Grinder gestures at you. You resist with significant effort.
Jessica very coldly says, "I hate your company."
Jessica is struck by your spines. Jessica hits you but does no damage.
Grinder hits you.
* * * LOW HITPOINT WARNING * * *
You writhe in agony.
* * * LOW HITPOINT WARNING * * *
Jessica grins evilly.
Jessica mumbles some strange words.
Jessica blinks!
Grinder gestures at you. You resist with significant effort.
Jessica shouts, "I don't like beings like you!"
Jessica gestures wildly while chanting.
Jessica seems to speed up.
You can move again.
Unknown command.
You hit Grinder but do no damage.
Grinder is heavily wounded.
Grinder hits you but does no damage. Grinder is struck by your spines.
Grinder hits you.
You die...

#.#.# #.#.# ## .#
#.#.# .##.# #.#.#
..... #.#.# ...# #.#.#
###...### #.#.# #..
#..@....# #.#.## #..
#ยง5...... #....#
#..#####@......# ###
###..#
#.##............ ...
#..####.............##
###
#...........#####.###
##.####.##..# .#
#.####.##..# #
#.....#....#
#.####.###.#####.# #.#
#...........#


You could see Grinder and Jessica (fast).

Vanquished Creatures
  Natasha (twice) (D:2)
  An adder (D:2)
  A worm (D:3)
  4 dart slugs
  4 ball pythons
  A bat (D:1)
  2 endoplasms
  A giant cockroach (D:3)
  6 goblins
  8 hobgoblins
  11 jackals
  A quokka (D:1)
  5 frilled lizards (D:1)
  4 kobolds
  4 rats (D:1)
55 creatures vanquished.

Notes
Turn   | Place    | Note
-------+----------+-------------------------------------------
     0 | D:1      | Sin92 the Demonspawn Fighter began the quest for the Orb.
     0 | D:1      | Reached XP level 1. HP: 18/18 MP: 1/1
    32 | D:1      | Found a faded altar of an unknown god.
    48 | D:1      | Prayed at the altar of an unknown god.
    48 | D:1      | Became a worshipper of Ashenzari the Shackled
   386 | D:1      | Gained mutation: You are partially covered in sharp spines.
                  | [demonic ancestry]
   386 | D:1      | Reached XP level 2. HP: 19/24 MP: 2/2
   561 | D:1      | Found Kycov's One-of-a-Kind Rings.
   981 | D:1      | Reached XP level 3. HP: 28/28 MP: 3/3
  1466 | D:2      | Noticed Natasha
  1472 | D:2      | Killed Natasha
  1473 | D:2      | Reached XP level 4. HP: 37/37 MP: 4/4
  1655 | D:2      | Noticed Natasha
  1660 | D:2      | Killed Natasha
  2407 | D:3      | Found Riep's Weapon Shop.
  2448 | D:3      | Found Duyn Cuku's Jewellery Shoppe.
  2509 | D:3      | Reached * piety under Ashenzari
  2776 | D:3      | Noticed Jessica
  2776 | D:3      | Noticed Grinder
  2778 | D:3      | Paralysed by Grinder for 3 turns
  2784 | D:3      | Paralysed by Grinder for 5 turns
  2789 | D:3      | Slain by Grinder

Illustrated notes

Levels and vault maps discovered:
D:1:      nicolae_arrival_memento_mori, layout_basic,
          ebering_ecumenical_altar_hall, nicolae_shop_unique_rings, st_stairs_13
D:2:      layout_basic, minmay_indecisive_spiral, uniq_natasha
D:3:      layout_loops_ring, serial_shops, shop, shop, uniq_jessica,
          uniq_grinder

Skill      XL: |  1  2 |
---------------+-------+-----
Axes           | 2 |  2.7
Shields        | 3 |  3.4
Armour         | 3 |  3.5
Fighting       | |  3.8

Action                   |  1- 3 |  4- 6 || total
-------------------------+-------+-------++-------
Melee: War axe           |    77 |    32 ||   109
Invok: Curse Item        |     1 |     1 ||     2
  Use: Scroll            |       |     1 ||     1
       Potion            |       |     1 ||     1
Armor: Scale mail        |    32 |    19 ||    51
Dodge: Dodged            |    31 |    14 ||    45
Block: Buckler           |    26 |     6 ||    32
